 Dungeon Crawl Stone Soup version 0.14-a0-445-g388476e (webtiles) character file.

83 Ragg the Gusty (level 3, 0/21 HPs)
             Began as a High Elf Air Elementalist on Oct 30, 2013.
             Killed from afar by Ijyb (3 damage)
             ... with a wand of frost
             ... on Level 2 of the Dungeon.
             The game lasted 00:05:53 (1470 turns).

Ragg the Gusty (High Elf Air Elementalist)          Turns: 1470, Time: 00:05:53

HP   0/21        AC  7     Str  8      XL: 3   Next: 21%
MP   1/7         EV 10     Int 19      God:
Gold 46          SH  8     Dex 15      Spells:  2 memorised,  1 level left

Res.Fire  : . . .   See Invis. : .   m - +1,+0 elf dagger
Res.Cold  : . . .   Warding    : .   j - +2 leather armour
Life Prot.: . . .   Conserve   : .   i - +0 buckler
Res.Poison: .       Res.Corr.  : .   (no helmet)
Res.Elec. : .       Clarity    : .   (no cloak)
Sust.Abil.: + .     Spirit.Shd : .   d - +1 pair of dwarf gloves
Res.Mut.  : .       Stasis     : .   (no boots)
Res.Rott. : .       Flight     : .   (no amulet)
Saprovore : . . .                    (no ring)
                                     h - ring of sustain abilities {unknown}

@: slightly resistant to hostile enchantments, fairly stealthy
A: no striking features
a: no special abilities


You were on level 2 of the Dungeon.
You were hungry.

You visited 1 branch of the dungeon, and saw 2 of its levels.

You collected 26 gold pieces.

Inventory:

Hand weapons
 m - a +1,+0 elven dagger (weapon)
Armour
 d - a +1 pair of dwarven gloves (worn)
 i - a +0 buckler (worn)
 j - a +2 leather armour (worn)
Comestibles
 c - a bread ration
 f - an apple
 g - a meat ration
Scrolls
 a - a scroll of identify {unknown}
 l - 4 scrolls of enchant armour {unknown}
Jewellery
 e - an uncursed ring of invisibility
 h - a ring of sustain abilities (left hand) {unknown}
 k - an uncursed ring of ice {unknown}
Books
 b - a book of Air

   Spells                             Type                      Level
   *Shock                             Conjuration/Air              1
   *Swiftness                         Charms/Air                   2
   Repel Missiles                     Charms/Air                   2
   Flight                             Charms/Air                   3
   Static Discharge                   Conjuration/Air              3
   Lightning Bolt                     Conjuration/Air              5


   Skills:
 - Level 2.1 Dodging
 - Level 2.1 Stealth
 * Level 1.0 Shields
 - Level 1.2 Spellcasting
 + Level 2.0 Conjurations
 + Level 4.4 Air Magic


You had one spell level left.
You knew the following spells:

 Your Spells              Type           Power        Failure   Level  Hunger
a - Shock                 Conj/Air       ##..         10%         1    ##.....
b - Swiftness             Chrm/Air       #.........   17%         2    ###....


Dungeon Overview and Level Annotations

Branches:
Dungeon (2/27)

Altars:

Annotations:
D:2 Ijyb


Message History

Casting: Shock
Confirm with . or Enter, or press ? or * to list all spells.
You don't have enough magic to cast that spell.
Casting: Shock
Confirm with . or Enter, or press ? or * to list all spells.
You don't have enough magic to cast that spell.
A bat comes into view.
Ijyb zaps a wand.
The puff of frost hits you!
You hit Ijyb.
Ijyb is almost dead.
Ijyb zaps a wand.
The puff of frost hits you!
* * * LOW HITPOINT WARNING * * *
You are too injured to fight recklessly!
You are too injured to fight recklessly!
You are too injured to fight recklessly!
You are too injured to fight recklessly!
You hit Ijyb but do no damage.
Ijyb is almost dead.
Ijyb zaps a wand.
The puff of frost hits you!
You die...

#.....^.#'#.#####
#.......(...##......
##...........##....[..
#............##........
+............##.........
#............##........#
..............+........
...#.........##..g.###..#
...##...........@.......#
...............###......#
..###.##.#.....# .....
..###.##.#.#.#.###...b#.
.....).............# ...
..###.##.#.#.#.##..# .
..#........#.#.# .# .
..#...##.#.#.#.# # ...
...........#.#.. ..#


You could see Ijyb and a bat (sleeping).

Vanquished Creatures
  An adder (D:2)
  A giant gecko (D:1)
  3 bats
  A giant cockroach (D:1)
  5 hobgoblins
  A quokka (D:2)
  2 giant newts (D:1)
  10 kobolds
  4 rats
28 creatures vanquished.

Notes
Turn   | Place    | Note
--------------------------------------------------------------
     0 | D:1      | Ragg, the High Elf Air Elementalist, began the quest for the Orb.
     0 | D:1      | Reached XP level 1. HP: 11/11 MP: 4/4
   185 | D:1      | Reached skill level 4 in Air Magic
   194 | D:1      | Reached XP level 2. HP: 17/17 MP: 0/5
  1048 | D:2      | Learned a level 2 spell: Swiftness
  1220 | D:2      | Reached XP level 3. HP: 21/21 MP: 0/7
  1228 | D:2      | Reached skill level 1 in Shields
  1460 | D:2      | Noticed Ijyb
  1470 | D:2      | Killed from afar by Ijyb

Action                   || total
-------------------------++-------
Melee: Unarmed           ||     1
       Whip              ||     8
       Dagger            ||    20
 Cast: Shock             ||    61
  Use: Scroll            ||     1
